 Dungeon Crawl Stone Soup version 0.32-a0-799-g95e1662365 (webtiles) character file.

Game seed: 16634504969719194373

17740 ragingrage the Markself (level 12, -5/68 HPs)
             Began as a Deep Elf Delver on Mar 21, 2024.
             Was a Priest of Uskayaw.
             Slain by a death yak (19 damage)
             ... on level 1 of the Lair of Beasts on Mar 22, 2024.
             The game lasted 00:24:28 (18540 turns).

ragingrage the Markself (Deep Elf Delver)          Turns: 18540, Time: 00:24:29

Health: -5/68      AC:  9    Str:  9    XL:     12   Next: 21%
Magic:  18/18      EV: 20    Int: 17    God:    Uskayaw [***...]
Gold:   804        SH:  0    Dex: 20    Spells: 12/17 levels left

rFire   + . .        a - +0 orcbow (freeze)
rCold   . . .        (shield currently unavailable)
rNeg    . . .        N - +0 acid dragon scales
rPois   .            (no helmet)
rElec   .            k - scarf {repulsion}
rCorr   +            p - +2 pair of gloves
SInv    .            (no boots)
Will    .....        v - amulet of regeneration
Stlth   +++          d - +5 ring of evasion
HPRegen 1.11/turn    P - ring of protection from fire
MPRegen 0.16/turn

%: repel missiles
@: weak-willed, jinxed
A: no striking features
a: Renounce Religion, Stomp, Line Pass


You were on level 1 of the Lair of Beasts.
You worshipped Uskayaw.
Uskayaw was noncommittal.
You visited 2 branches of the dungeon, and saw 13 of its levels.

You collected 914 gold pieces.
You spent 110 gold pieces at shops.

Inventory:

Hand Weapons
 a - a +0 orcbow of freezing (weapon)
 b - a +4 short sword
 G - a +2 dagger of speed
Missiles
 h - 6 boomerangs
 j - 49 poisoned darts
 J - a throwing net
Armour
 k - a scarf of repulsion (worn)
 p - a +2 pair of gloves (worn)
 N - +0 acid dragon scales (worn)
 O - an orb of mayhem
Magical Staves
 m - a staff of fire
Jewellery
 d - a +5 ring of evasion (left hand)
 v - an amulet of regeneration (around neck)
 I - a ring of resist corrosion
 P - a ring of protection from fire (right hand)
Wands
 g - a wand of digging (7)
 w - a wand of flame (51)
 A - a wand of mindburst (9)
 C - a wand of iceblast (5)
 K - a wand of polymorph (9)
Scrolls
 c - 2 scrolls of fog
 e - a scroll of vulnerability
 n - a scroll of enchant armour
 o - a scroll of identify
 t - 3 scrolls of blinking
 u - 10 scrolls of teleportation
 x - a scroll of revelation
 y - 3 scrolls of fear
 D - a scroll of noise
 F - a scroll of amnesia
 M - a scroll of poison
Potions
 f - 2 potions of haste
 i - 7 potions of mutation
 l - 2 potions of attraction
 q - 2 potions of ambrosia
 r - 3 potions of degeneration
 s - 4 potions of curing
 z - a potion of cancellation
 B - a potion of might
 E - 2 potions of lignification
 H - a potion of brilliance
 L - a potion of resistance


   Skills:
 + Level 5.6 Fighting
 - Level 5.3 Short Blades
 - Level 16.0 Ranged Weapons
 + Level 2.9 Armour
 + Level 8.5 Dodging
 - Level 6.1 Stealth
 - Level 3.0 Spellcasting
 + Level 7.0 Hexes
 - Level 3.0 Fire Magic
 - Level 3.0 Air Magic
 - Level 3.0 Alchemy
 - Level 4.0 Invocations
 + Level 8.0 Evocations


You had 12 spell levels left.
You knew the following spells:

 Your Spells              Type           Power      Damage    Failure   Level
a - Jinxbite              Hex            52%        N/A       2%          2
b - Mephitic Cloud        Conj/Alch/Air  9%         N/A       36%         3

Your spell library contained the following spells:

 Spells                   Type           Power      Damage    Failure   Level
 Tukima's Dance           Hex            26%        N/A       4%          3
 Dazzling Flash           Conj/Hex       28%        N/A       21%         3
 Static Discharge         Conj/Air       14%        3-4/arc   22%         2
 Apportation              Tloc           4%         N/A       28%         1
 Dimensional Bullseye     Hex/Tloc       7%         N/A       54%         4
 Summon Ice Beast         Ice/Summ       2%         N/A       63%         3
 Airstrike                Air            6%         2d(1-17)  63%         4
 Ignite Poison            Fire/Alch      12%        N/A       63%         4
 Sticky Flame             Fire/Alch      12%        2d5       63%         4
 Silence                  Hex/Air        9%         N/A       69%         5
 Summon Lightning Spire   Summ/Air       7%         N/A       83%         4
 Summon Mana Viper        Hex/Summ       14%        N/A       88%         5
 Alistair's Intoxication  Alch           8%         N/A       92%         5
 Iskenderun's Mystic Bla  Conj/Tloc      2%         2d3       95%         4
 Curse of Agony           Necr           2%         N/A       100%        5
 Monstrous Menagerie      Summ           1%         N/A       100%        7
 Ignition                 Fire           6%         3d4       100%        8


Dungeon Overview and Level Annotations

Branches:
Dungeon (11/15)            Temple (0/1) D:7            Lair (2/5) D:10
    Orc (0/2) D:11
  Swamp: Lair:2-3    Shoals: Lair:2-3     Snake: Lair:2-3    Spider: Lair:2-3

Altars:
Cheibriados
Dithmenos
Elyvilon
Fedhas
Okawaru
Qazlal
Ru
Trog
Uskayaw
Vehumet
Xom
Yredelemnul
Zin

Shops:
D:2 !

Portals:
Abyss: D:5

Annotations:
D:3 2 exclusions, Ijyb
D:4 exclusions: orc, orc priest and scorpion
D:5 2 transporters, yleetSyT's ghost, novice CoNe
D:10 3 runed translucent doors, Rallik's ghost, journeyman OpSh
D:11 Harold


Message History

You shoot an arrow.
The arrow hits the death yak but does no damage.
You shoot an arrow. The arrow hits the death yak!
The arrow freezes the death yak.
A death yak comes into view.
You shoot an arrow. The death yak bellows!
The arrow hits the death yak.
The arrow freezes the death yak.
You hear a bellow!
You shoot an arrow. The arrow hits the death yak!
The arrow freezes the death yak.
You can now pass through a line of other dancers.
You shoot an arrow. The arrow hits the death yak!
The arrow freezes the death yak.
A death yak comes into view.
The death yak completely misses you.
You climb upwards.
There is a stone staircase leading down here.
Unknown command.
You shoot an arrow. The arrow hits the death yak.
The arrow freezes the death yak.
The death yak gores you!
You shoot an arrow.
The arrow hits the death yak but does no damage.
You shoot an arrow.
The arrow hits the death yak but does no damage.
The death yak gores you!!
You are too injured to fight recklessly!
You shoot an arrow.
The arrow hits the death yak but does no damage.
The death yak closely misses you.
You shoot an arrow. The arrow hits the death yak.
The arrow freezes the death yak.
The death yak gores you!!
* * * LOW HITPOINT WARNING * * *
Uskayaw will force your foes to helplessly watch your dance.
Uskayaw prepares the audience for your solo!
You shoot an arrow.
The arrow hits the death yak but does no damage.
The death yak is no longer paralysed.
The death yak gores you!!
You die...
Your body falls in perfect tune with the rhythm.

.....#####..##..###..#
#.#.## #.####..##.##
...#### ##.#.##...#.##
..#...###.....#......#
.......##P......###.##
......#####.....###.#
##...## #...#.#.#.####
÷÷.÷.# #...#..Y..##.##
#....## #...#.@...#...#
......# ###...#.#....##
......## #....##....##
..#....######...###.###
.....#............#.#
.....##.#.......P##.#
#....#..........##..#
##...>..........###.#
....#...........###.####


You could see a death yak.

Vanquished Creatures
  3 two-headed ogres
  An ugly thing (D:9)
  A manticore (D:11)
  2 black mambas
  A gargoyle (D:10)
  A kobold demonologist (D:9)
  3 cane toads (Lair:1)
  A komodo dragon (Lair:1)
  Jeremiah (Lair:1)
  A rime drake (Lair:1)
  2 trolls
  A hornet (D:9)
  5 blink frogs (Lair:1)
  29 yaks
  2 shadows
  2 wyverns (D:9)
  A basilisk (Lair:1)
  A warg (D:11)
  3 steam dragons
  4 vampire mosquitoes
  An acid dragon (D:10)
  6 water moccasins
  2 orc warriors (D:11)
  A black bear (Lair:1)
  3 sky beasts
  2 ogres (D:6)
  2 ice beasts
  3 wolves (Lair:1)
  2 centaurs
  2 kobold brigands
  A gnoll sergeant (D:9)
  3 bullfrogs
  2 scorpions
  10 wights
  14 killer bees
  3 electric eels (D:10)
  4 howler monkeys (D:9)
  2 jellies (D:5)
  2 bombardier beetles
  2 gnoll boudas
  7 orc priests
  3 iguanas
  Jessica (D:2)
  Natasha (twice) (D:3)
  8 orc wizards
  15 gnolls
  5 adders
  A shadow imp (D:5)
  A white imp (D:7)
  2 ufetubi (D:6)
  3 ribbon worms
  A dart slug (D:3)
  33 orcs
  8 ball pythons
  9 bats
  9 endoplasms
  6 giant cockroaches
  10 goblins
  12 hobgoblins
  2 jackals (D:1)
  2 quokkas
  22 kobolds
  10 rats
304 creatures vanquished.

Vanquished Creatures (others)
  2 kobolds (D:7)
2 creatures vanquished.

Grand Total: 306 creatures vanquished

Notes
Turn   | Place    | Note
-------+----------+-------------------------------------------
     0 | D:5      | ragingrage the Deep Elf Delver began the quest for the Orb.
     0 | D:5      | Reached XP level 1. HP: 13/13 MP: 3/3
    33 | D:6      | Noticed a centaur
    89 | D:4      | Noticed an iguana
    93 | D:5      | Found a basalt altar of Yredelemnul.
   117 | D:5      | Found a transporter.
   125 | D:5      | Found a transporter.
   136 | D:5      | Noticed a small abomination
   329 | D:4      | Reached XP level 2. HP: 18/18 MP: 4/4
   480 | D:2      | Found a faded altar of an unknown god.
   936 | D:1      | Reached XP level 3. HP: 14/22 MP: 5/5
  1363 | D:2      | Found Jozod's Distillery.
  1370 | D:2      | Bought a potion of curing for 30 gold pieces
  1394 | D:2      | Bought a potion of mutation for 80 gold pieces
  1605 | D:2      | Reached XP level 4. HP: 27/27 MP: 6/6
  2177 | D:2      | Noticed Jessica
  2185 | D:2      | Killed Jessica
  2186 | D:2      | Reached skill level 5 in Short Blades
  2617 | D:2      | Reached XP level 5. HP: 28/31 MP: 7/7
  3041 | D:2      | Reached skill level 1 in Ranged Weapons
  3269 | D:3      | Reached skill level 2 in Ranged Weapons
  3277 | D:3      | Found a bloodstained altar of Trog.
  3427 | D:3      | Noticed Natasha
  3740 | D:3      | Killed Natasha
  3742 | D:3      | Found a shadowy altar of Dithmenos.
  3872 | D:3      | Reached skill level 3 in Ranged Weapons
  4119 | D:3      | Found a hide-covered altar of Uskayaw.
  4119 | D:3      | Noticed a +0 hand axe
  4119 | D:3      | Noticed a +0 hand axe
  4290 | D:3      | Noticed Natasha
  4354 | D:3      | Became a worshipper of Uskayaw the Reveller
  4502 | D:3      | Reached * piety under Uskayaw
  4583 | D:3      | Reached ** piety under Uskayaw
  4758 | D:3      | Reached skill level 4 in Ranged Weapons
  4758 | D:3      | Reached XP level 6. HP: 36/36 MP: 8/8
  4771 | D:3      | Killed Natasha
  5013 | D:3      | Noticed Ijyb
  5222 | D:3      | Reached skill level 5 in Ranged Weapons
  5803 | D:4      | Reached skill level 6 in Ranged Weapons
  6388 | D:4      | Found a stormy altar of Qazlal.
  7120 | D:5      | Reached XP level 7. HP: 36/40 MP: 9/9
  7448 | D:5      | Reached skill level 7 in Ranged Weapons
  7606 | D:5      | Found a snail-covered altar of Cheibriados.
  7684 | D:5      | Noticed a small abomination
  7691 | D:5      | Found a one-way gate to the infinite horrors of the Abyss.
  7691 | D:5      | Noticed yleetSyT's ghost (novice CoNe)
  7736 | D:5      | Found a sacrificial altar of Ru.
  8104 | D:6      | Reached skill level 8 in Ranged Weapons
  8130 | D:6      | Reached *** piety under Uskayaw
  8134 | D:6      | Reached **** piety under Uskayaw
  8137 | D:6      | Reached skill level 9 in Ranged Weapons
  8160 | D:6      | Reached skill level 10 in Ranged Weapons
  8160 | D:6      | Reached XP level 8. HP: 38/45 MP: 10/10
  8294 | D:6      | Found a shimmering altar of Xom.
  8319 | D:6      | Reached skill level 1 in Evocations
  8393 | D:6      | Found a white marble altar of Elyvilon.
  8409 | D:6      | Found a blossoming altar of Fedhas.
  8803 | D:7      | Reached skill level 11 in Ranged Weapons
  8917 | D:7      | Noticed a troll
  9003 | D:6      | Reached skill level 12 in Ranged Weapons
  9074 | D:7      | Killed a troll
  9249 | D:6      | Reached skill level 13 in Ranged Weapons
  9249 | D:6      | Reached XP level 9. HP: 46/49 MP: 11/11
  9286 | D:7      | Found a staircase to the Ecumenical Temple.
  9426 | D:7      | Identified the +7 plate armour "Udepheasur" {Rampage rF-
                  | Int+3}
  9443 | D:7      | Found an iron altar of Okawaru.
  9827 | D:7      | Found a faded altar of an unknown god.
 10082 | D:8      | Reached skill level 14 in Ranged Weapons
 10398 | D:8      | Reached skill level 1 in Invocations
 11529 | D:8      | Reached ***** piety under Uskayaw
 12341 | D:9      | Noticed a kobold demonologist
 12658 | D:9      | Found a glowing silver altar of Zin.
 12676 | D:9      | Reached skill level 5 in Dodging
 13190 | D:9      | Reached skill level 15 in Ranged Weapons
 13212 | D:9      | Reached XP level 10. HP: 29/56 MP: 15/15
 13963 | D:9      | Noticed a two-headed ogre
 13965 | D:9      | Noticed a red ugly thing
 13970 | D:9      | Killed a two-headed ogre
 13974 | D:9      | Killed a red ugly thing
 13975 | D:9      | Reached skill level 16 in Ranged Weapons
 13975 | D:9      | Reached skill level 5 in Evocations
 14102 | D:9      | Found a snail-covered altar of Cheibriados.
 14580 | D:9      | Reached ****** piety under Uskayaw
 14731 | D:10     | Entered Level 10 of the Dungeon
 15089 | D:10     | Noticed a two-headed ogre
 15103 | D:10     | Killed a two-headed ogre
 15104 | D:10     | Reached XP level 11. HP: 62/62 MP: 16/16
 15365 | D:10     | Learned a level 3 spell: Mephitic Cloud
 15412 | D:10     | Found a runed translucent gate.
 15412 | D:10     | Found a runed translucent gate.
 15415 | D:10     | Found a runed translucent gate.
 15417 | D:10     | Noticed Rallik's ghost (journeyman OpSh)
 15473 | D:10     | Learned a level 2 spell: Jinxbite
 15496 | D:10     | Reached skill level 1 in Hexes
 15593 | D:10     | Reached skill level 5 in Hexes
 15640 | D:10     | Noticed a two-headed ogre
 15647 | D:10     | Killed a two-headed ogre
 15648 | D:10     | Reached skill level 1 in Spellcasting
 15648 | D:10     | Reached skill level 1 in Fire Magic
 15648 | D:10     | Reached skill level 1 in Air Magic
 15648 | D:10     | Reached skill level 1 in Alchemy
 15669 | D:10     | Found a radiant altar of Vehumet.
 15724 | D:10     | Found a staircase to the Lair.
 17000 | D:11     | Found a staircase to the Orcish Mines.
 17394 | D:11     | Noticed Harold
 17463 | D:11     | Noticed a skeletal warrior
 17464 | D:11     | Noticed a skeletal warrior
 17465 | D:11     | Noticed a skeletal warrior
 17529 | Lair:1   | Entered Level 1 of the Lair of Beasts
 17597 | Lair:1   | Reached skill level 1 in Armour
 17761 | Lair:1   | Reached skill level 5 in Fighting
 17830 | Lair:1   | Noticed Jeremiah
 17837 | Lair:1   | Killed Jeremiah
 17887 | Lair:1   | Reached XP level 12. HP: 68/68 MP: 13/18
 18525 | Lair:2   | Noticed a death yak
 18529 | Lair:2   | Noticed a death yak
 18532 | Lair:2   | Noticed a death yak
 18540 | Lair:1   | Slain by a death yak

Illustrated notes

Levels and vault maps discovered:
D:1:      minmay_arrival_wavy_path, layout_basic, minmay_misc_feat_chi,
          serial_bayou_lagoon_a
D:2:      mumra_celtic_spiral_tile, layout_basic,
          chequers_ecumenical_altar_simple, serial_shops, shop, minivault_11,
          minmay_pentomino_p2, uniq_jessica
D:3:      layout_basic, dancing_weapons_uskayaw, mainiacjoe_overflow_alcove_1,
          bloody_trog, serial_rivers, chequers_serial_rivers_large_b,
          chequers_serial_rivers_micro_c, chequers_serial_rivers_small_3,
          chequers_serial_rivers_micro_a, chequers_serial_rivers_micro_c,
          cheibrodos_sewer_entry_drain, uniq_natasha, uniq_ijyb
D:4:      layout_gridville, nicolae_qazlal_general_emergency
D:5:      layout_rooms, mainiacjoe_overflow_surrounded_room,
          mainiacjoe_overflow_brackets, mainiacjoe_overflow_chevrons,
          gammafunk_ghost_abyssal_escape
D:6:      layout_rooms, elyvilon_altar_1, xom_redecorated, fedhas_altar_3,
          small_statue_intersection
D:7:      layout_rooms, okawaru_trees_1, beargit_hepliaklqana_dungeon_heroes,
          minmay_temple_entry_gardened_gates
D:8:      layout_cave_pods
D:9:      layout_irregular_city, zin_statuary, minmay_ruined_shrine
D:10:     layout_loops_ring, old_standard_altar, lair_entry_dummy,
          gammafunk_ghost_spectres, serial_aquarium,
          aquarium_bridge_island_small [aquarium_subvault_small_water,
          aquarium_subvault_bridge, aquarium_subvault_window,
          aquarium_subvault_balcony, aquarium_subvault_wall],
          aquarium_window_fake, aquarium_window_1, aquarium_view_2c,
          aquarium_view_2d, nicolae_eternal_life, chequers_big_river
D:11:     layout_loops_corners, david_orc_3, serial_shops, shop, uniq_harold
Lair:1:   layout_misc_corridors, chequers_serial_rivers_marsh, uniq_jeremiah
Lair:2:   layout_concentric_octagons, minmay_snake_entry_guardpost_small,
          grunt_megastairs_1

Skill      XL: |  1  2  3  4  5  6  7  8  9 10 11 12 |
---------------+-------------------------------------+-----
Short Blades   | 3 4 5 |  5.3
Ranged Weapons | 4 6 10 13 15 16 | 16.0
Evocations     | 3 6 7 8 |  8.0
Dodging        | 5 7 8 |  8.5
Invocations    | 4 |  4.0
Fighting       | 3 4 5 |  5.6
Hexes          | 6 7 |  7.0
Spellcasting   | 3 |  3.0
Fire Magic     | 3 |  3.0
Air Magic      | 3 |  3.0
Alchemy        | 3 |  3.0
Armour         | 2 |  2.9
Stealth        | |  6.1

Action                     |  1- 3 |  4- 6 |  7- 9 | 10-12 || total
---------------------------+-------+-------+-------+-------++-------
  Melee: Short sword       |   135 |   162 |    11 |       ||   308
         Unarmed           |       |    23 |    21 |       ||    44
         Punch             |       |     1 |     1 |       ||     2
   Fire: Sling             |       |   165 |    70 |       ||   235
         Orcbow            |       |       |   359 |   498 ||   857
  Throw: Boomerang         |    25 |    28 |       |       ||    53
         Dart              |     7 |    22 |     6 |       ||    35
   Cast: Jinxbite          |       |       |       |    37 ||    37
 Invoke: Grand Finale      |       |       |       |     1 ||     1
  Evoke: Wand              |       |       |    10 |     5 ||    15
    Use: Scroll            |     8 |     2 |     5 |     5 ||    20
         Potion            |     1 |     5 |     5 |       ||    11
   Stab: Sleeping          |     7 |     2 |     1 |       ||    10
         Distracted        |     1 |       |       |       ||     1
         Invisible         |       |     1 |     3 |       ||     4
 Armour: Leather armour    |    86 |     6 |    89 |       ||   181
         Ring mail         |       |   109 |       |       ||   109
         Skin              |       |    22 |    51 |       ||    73
         Steam dragon scal |       |       |    31 |     8 ||    39
         Acid dragon scale |       |       |       |    43 ||    43
  Dodge: Dodged            |    75 |   139 |   171 |   148 ||   533
         Repelled          |       |     4 |     6 |     4 ||    14

Table legend: (Time is in decaauts)
 A = Elapsed time spent in this place.
 B = Non-inter-level travel time spent in this place.
 C = Inter-level travel time spent in this place.
 D = Time resting spent in this place.
 E = Time spent auto-exploring this place.
 F = Levels seen in this place.
 G = Mean time per level.
                   A        B        C        D        E       F      G
               +--------+--------+--------+--------+--------+-----+--------+
         Total |  18431 |  17091 |   1340 |   6734 |   6958 |  13 | 1417.8 |
       Dungeon |  17507 |  16185 |   1322 |   6617 |   6366 |  11 | 1591.5 |
          Lair |    924 |    907 |     17 |    117 |    592 |   2 |  462.0 |
               +--------+--------+--------+--------+--------+-----+--------+

Top non-repeatable levels by time:
     D:9: 2862 daAuts
     D:3: 2309 daAuts
    D:10: 1767 daAuts
     D:8: 1745 daAuts
     D:2: 1658 daAuts
     D:5: 1553 daAuts
     D:4: 1471 daAuts
     D:1: 1082 daAuts
     D:6: 1032 daAuts
     D:7: 1018 daAuts
    D:11: 1005 daAuts
  Lair:1: 853 daAuts
  Lair:2: 70 daAuts
